 Dungeon Crawl Stone Soup version 0.29.1 (webtiles) character file.

Game seed: 15254246981174291732

678 leavemydog the Conjurer (level 7, -5/36 HPs)
             Began as a Deep Elf Conjurer on Sept 14, 2022.
             Slain by Prince Ribbit (11 damage)
             ... on level 5 of the Dungeon.
             The game lasted 00:04:06 (4044 turns).

leavemydog the Conjurer (Deep Elf Conjurer)         Turns: 4044, Time: 00:04:07

Health: -5/36      AC:  3    Str:  4    XL:     7   Next: 34%
Magic:  1/19       EV: 12    Int: 25    God:
Gold:   196        SH:  0    Dex: 13    Spells: 13/20 levels left

rFire   + . .      SeeInvis .   g - +0 short sword
rCold   . . .      Faith    .   (no shield)
rNeg    . . .      Spirit   .   a - +0 robe
rPois   .          Reflect  .   (no helmet)
rElec   .          Harm     .   (no cloak)
rCorr   .          Rampage  .   (no gloves)
Will    .....                   s - +0 pair of boots
Stlth   ++........              (no amulet)
HPRegen 0.12/turn               h - ring of protection from fire
MPRegen 0.16/turn               (no ring)

@: no status effects
A: no striking features
a: no special abilities


You were on level 5 of the Dungeon.
You visited 1 branch of the dungeon, and saw 5 of its levels.

You collected 196 gold pieces.

Inventory:

Hand Weapons
 g - a +0 short sword (weapon)
Armour
 a - a +0 robe (worn)
 s - a +0 pair of boots (worn)
Jewellery
 h - a ring of protection from fire (left hand)
Wands
 q - a wand of roots (9)
Scrolls
 e - 3 scrolls of teleportation
 f - a scroll of magic mapping {unknown}
 i - a scroll of vulnerability
 j - a scroll of blinking {unknown}
 k - a scroll of noise {unknown}
 m - a scroll of enchant weapon {unknown}
 n - a scroll of immolation {unknown}
 o - a scroll of butterflies {unknown}
Potions
 b - a potion of magic
 c - 2 potions of lignification
 l - a potion of brilliance
 p - a potion of curing
 r - a potion of attraction {unknown}


   Skills:
 - Level 2.4 Dodging
 - Level 2.4 Stealth
 + Level 7.0 Spellcasting
 + Level 7.6 Conjurations
 * Level 3.0 Translocations


You had 13 spell levels left.
You knew the following spells:

 Your Spells              Type           Power      Damage    Failure   Level
a - Magic Dart            Conj           100%       1d8       1%          1
b - Searing Ray           Conj           92%        2d7       1%          2
c - Iskenderun's Mystic   Conj/Tloc      35%        2d8       8%          4

Your spell library contained the following spells:

 Spells                   Type           Power      Damage    Failure   Level
 Dazzling Flash           Conj/Hex       54%        N/A       4%          3
 Fulminant Prism          Conj/Hex       13%        3d9       14%         4


Dungeon Overview and Level Annotations

Branches:
Dungeon (5/15)
 Temple: D:4-7

Altars:
Gozag

Shops:
D:4 =

Annotations:
D:5 Prince Ribbit


Message History

Prince Ribbit blinks!
Casting: Magic Dart (safe; 1% risk of failure)
Confirm with . or Enter, or press ? or * to list all spells.
Aiming: Searing Ray (safe; 1% risk of failure)
Press: ? - help, Shift-Dir - straight line, f/p - Prince Ribbit
Aim: Prince Ribbit (lightly wounded, 68% to hit)
The searing ray hits Prince Ribbit.
Prince Ribbit is moderately wounded. (Press . to maintain the ray.) Prince Ribbit blinks!
Casting: Searing Ray (safe; 1% risk of failure)
Confirm with . or Enter, or press ? or * to list all spells.
Aiming: Searing Ray (safe; 1% risk of failure)
Press: ? - help, Shift-Dir - straight line, f/p - Prince Ribbit
Aim: Prince Ribbit (moderately wounded, 68% to hit)
The searing ray hits Prince Ribbit!
Prince Ribbit is heavily wounded. (Press . to maintain the ray.) Prince Ribbit blinks!
The searing ray hits Prince Ribbit!
Prince Ribbit is severely wounded.
The searing ray misses Prince Ribbit.
You finish channelling your searing ray.
Prince Ribbit blinks!
Casting: Searing Ray (safe; 1% risk of failure)
Confirm with . or Enter, or press ? or * to list all spells.
Aiming: Searing Ray (safe; 1% risk of failure)
Press: ? - help, Shift-Dir - straight line, f/p - Prince Ribbit
Aim: Prince Ribbit (severely wounded, 68% to hit)
The searing ray hits Prince Ribbit.
Prince Ribbit is almost dead. (Press . to maintain the ray.)
The searing ray hits Prince Ribbit!
Prince Ribbit is almost dead.
Prince Ribbit catches a mouse with his tongue.
Prince Ribbit hits you! Prince Ribbit closely misses you.
The searing ray misses Prince Ribbit.
Prince Ribbit hits you!
* * * LOW HITPOINT WARNING * * *
You feel better. Prince Ribbit hits you!
You die...

.......
..#....
.^.....#####
#..........#
...........+
...........#
.......<...#
..#+##..#### .
##F@####....
#...........
#.#...####....
#.............
###.†..###....
..†...... .
.........#
..........#
.....#+##.#


You could see Prince Ribbit.

Vanquished Creatures
  Sigmund (D:4)
  Menkaure (D:4)
  A black bear (D:5)
  A scorpion (D:4)
  A howler monkey (D:5)
  3 jellies
  2 adders
  A white imp (D:5)
  2 worms (D:3)
  2 dart slugs
  4 orcs
  9 endoplasms
  6 giant cockroaches
  3 goblins
  9 hobgoblins
  6 quokkas
  4 ball pythons
  5 bats
  2 frilled lizards
  6 kobolds
  3 rats
  A spectral hobgoblin (D:2)
73 creatures vanquished.

Notes
Turn   | Place    | Note
-------+----------+-------------------------------------------
     0 | D:1      | leavemydog the Deep Elf Conjurer began the quest for the
                  | Orb.
     0 | D:1      | Reached XP level 1. HP: 10/10 MP: 6/6
   207 | D:1      | Reached XP level 2. HP: 15/15 MP: 4/8
   210 | D:1      | Learned a level 2 spell: Searing Ray
   379 | D:1      | Reached skill level 5 in Conjurations
  1389 | D:2      | Reached XP level 3. HP: 19/19 MP: 6/9
  1700 | D:2      | Found a faded altar of an unknown god.
  2370 | D:3      | Reached XP level 4. HP: 24/24 MP: 7/11
  2375 | D:3      | Learned a level 4 spell: Iskenderun's Mystic Blast
  2850 | D:4      | Noticed a scorpion
  2856 | D:4      | Killed a scorpion
  2857 | D:4      | Reached skill level 1 in Translocations
  2857 | D:4      | Reached XP level 5. HP: 28/28 MP: 5/13
  3028 | D:4      | Noticed Sigmund
  3045 | D:4      | Killed Sigmund
  3046 | D:4      | Reached skill level 5 in Spellcasting
  3046 | D:4      | Reached XP level 6. HP: 19/32 MP: 4/16
  3273 | D:4      | Noticed Menkaure
  3281 | D:4      | Killed Menkaure
  3541 | D:4      | Found Qapeut's Jewellery Shoppe.
  3789 | D:4      | Found an opulent altar of Gozag.
  3901 | D:5      | Entered Level 5 of the Dungeon
  3915 | D:5      | Reached XP level 7. HP: 36/36 MP: 11/19
  4031 | D:5      | Noticed Prince Ribbit
  4043 | D:5      | HP: 1/36 [Prince Ribbit (15)]
  4044 | D:5      | Slain by Prince Ribbit

Illustrated notes

Levels and vault maps discovered:
D:1:      sevenhm_arrival_forest_fort_large_2, layout_basic,
          hangedman_abyss_or_decor_lesser_grid, minmay_misc_feat_four_crosses
D:2:      layout_basic, dreamdust_ecumenical_altar_drowned_temple
D:3:      layout_loops_ring
D:4:      layout_basic, nicolae_gozag_cash_rules_everything_around_me,
          gup_sewer_entry_pipe, serial_shops,
          nicolae_shop_temple_entry_statues_fountains, uniq_sigmund,
          uniq_menkaure
D:5:      layout_basic, grunt_qazlal_clouds, uniq_prince_ribbit1

Skill      XL: |  1  2  3  4  5  6  7 |
---------------+----------------------+-----
Conjurations   | 5 6 7 |  7.6
Spellcasting   | 4 5 6 7 |  7.0
Translocations | 1 2 3 |  3.0
Dodging        | |  2.4
Stealth        | |  2.4

Action                   |  1- 3 |  4- 6 |  7- 9 || total
-------------------------+-------+-------+-------++-------
Melee: Short sword       |       |     1 |       ||     1
 Cast: Magic Dart        |    90 |    49 |    17 ||   156
       Searing Ray       |       |     6 |     4 ||    10
  Use: Scroll            |       |     5 |       ||     5
       Potion            |       |       |     1 ||     1
Armor: Robe              |       |     1 |       ||     1
Dodge: Dodged            |     4 |     7 |     1 ||    12
